Map: Lightshade LE

Players

PtitDrogo - Winner!

  • Race: Protoss Protoss
  • Spawn Location: 5:00

milkicow

  • Race: Terran Terran
  • League: Grandmaster
  • Spawn Location: 11:00

Event: DreamHack SC2 Masters 2020 Winter

VOD

Have the link to the VOD?

Description

Time

  • Played on: Oct. 22, 2020, 12:26 p.m.
  • Length: 9:55

All games in this series

Show
View Real Time Build Order
Export as new Build Order

PtitDrogo Protoss - Winner!

Build Orders: 1 Gate Expand, Zealot Archon 

Get SALT Encoding   

  12  0:00  Probe  
  13  0:12  Probe  
  14  0:17  Pylon  
  14  0:24  Probe  
  15  0:35  Gateway  
  15  0:36  Probe (Chrono Boost)  
  16  0:45  Probe (Chrono Boost)  
  16  0:46  Assimilator  
  17  0:51  Probe  
  18  1:03  Probe  
  19  1:15  Probe  
  20  1:22  Cybernetics Core  
  20  1:31  Nexus  
  20  1:38  Pylon  
  20  1:42  Probe  
  21  1:48  Assimilator  
  21  1:55  Adept (Chrono Boost), Probe  
  21  1:59  Warp Gate  
  24  2:09  Shield Battery  
  24  2:10  Probe  
  25  2:15  Adept (Chrono Boost)  
  25  2:22  Probe  
  28  2:27  Shield Battery  
  28  2:38  Stalker, Probe  
  28  2:43  Probe  
  32  2:50  Probe  
  33  2:55  Probe  
  34  3:05  Probe  
  35  3:07  Probe  
  36  3:17  Probe  
  36  3:19  Probe  
  38  3:28  Twilight Council  
  38  3:29  Probe (Chrono Boost)  
  38  3:32  Robotics Facility, Probe (Chrono Boost)  
  42  3:41  Probe (Chrono Boost)  
  42  3:42  Gateway  
  42  3:43  Probe (Chrono Boost)  
  42  3:48  Probe x2 (Chrono Boost)  
  42  3:50  Gateway  
  42  3:58  Probe  
  42  4:00  Blink (Chrono Boost), Probe  
  44  4:09  Pylon  
  44  4:10  Probe  
  44  4:12  Probe  
  44  4:13  Assimilator  
  44  4:15  Assimilator  
  46  4:19  Pylon  
  46  4:24  Pylon  
  46  4:27  Probe x2  
  46  4:28  Observer (Chrono Boost)  
  49  4:33  Stalker  
  49  4:36  Stalker  
  53  4:39  Probe  
  53  4:40  Probe  
  53  4:41  Observer (Chrono Boost)  
  53  4:45  Stalker  
  58  4:51  Probe  
  58  4:52  Probe  
  60  4:56  Pylon  
  60  5:04  Nexus  
  60  5:05  Probe  
  61  5:08  Stalker  
  61  5:13  Probe  
  64  5:17  Probe  
  63  5:25  Probe  
  63  5:29  Probe  
  63  5:33  Shield Battery  
  64  5:36  Stalker x2  
  64  5:37  Stalker, Probe  
  64  5:40  Forge  
  64  5:41  Probe  
  64  5:42  Warp Prism (Chrono Boost)  
  75  5:50  Probe  
  76  6:02  Probe  
  77  6:05  Stalker, Pylon  
  77  6:10  Protoss Ground Weapons Level 1 (Chrono Boost)  
  77  6:11  Charge (Chrono Boost)  
  78  6:15  Probe  
  75  6:32  Probe  
  72  6:38  Gateway, Immortal (Chrono Boost)  
  72  6:40  Gateway x2  
  72  6:43  Gateway  
  72  6:44  Templar Archives  
  72  6:45  Gateway  
  74  6:48  Gateway  
  74  6:51  Probe x3  
  77  6:55  Sentry x3  
  83  7:03  Probe  
  83  7:06  Probe x2  
  83  7:08  Pylon  
  86  7:09  Pylon  
  86  7:12  Immortal  
  86  7:15  Probe  
  91  7:21  Zealot x3  
  96  7:24  Pylon  
  96  7:25  Pylon  
  96  7:27  Assimilator, Pylon  
  96  7:29  Assimilator, Shield Battery  
  96  7:33  High Templar x2  
  96  7:34  Pylon  
  100  7:38  Archon  
  100  7:40  High Templar x2  
  100  7:41  High Templar  
  100  7:42  High Templar, Zealot  
  109  7:45  Archon  
  109  7:49  Zealot x2  
  109  7:50  Archon  
  111  7:52  Immortal (Chrono Boost)  
  109  8:03  Zealot  
  101  8:09  Zealot x2  
  101  8:12  Zealot x3  
  105  8:13  Zealot  
  105  8:14  Zealot  
  105  8:18  Pylon  
  111  8:22  Warp Prism (Chrono Boost)  
  111  8:26  Forge  
  111  8:28  Forge  
  105  8:35  Sentry x2  
  105  8:38  Zealot x4  
  113  8:45  Zealot x3  
  97  9:00  Stalker x4  
  97  9:01  Stalker  
  101  9:06  Zealot x2  
  103  9:23  High Templar  
  103  9:24  High Templar x3  
  109  9:25  Zealot x3  
  109  9:26  Zealot  
  109  9:27  Archon  
  109  9:28  Archon  
  119  9:34  Zealot  
Show
View Real Time Build Order
Export as new Build Order

milkicow Terran 

Build Orders: Reaper Expand, Banshee Rush 

Get SALT Encoding   

  12  0:00  SCV  
  13  0:12  SCV  
  14  0:17  Supply Depot  
  14  0:24  SCV  
  15  0:38  SCV  
  15  0:39  Barracks  
  16  0:44  Refinery  
  16  0:50  SCV  
  17  1:03  SCV  
  18  1:15  SCV  
  19  1:27  Orbital Command, Reaper  
  20  1:39  Command Center  
  20  1:52  Bunker  
  21  1:54  SCV  
  21  2:02  Supply Depot, Marine  
  21  2:06  SCV  
  23  2:14  Factory  
  23  2:23  Marine, SCV  
  25  2:34  Refinery  
  25  2:35  SCV  
  25  2:37  Bunker  
  26  2:45  Barracks Reactor  
  26  2:47  SCV  
  27  2:56  Orbital Command  
  27  3:00  SCV  
  27  3:05  Hellion  
  28  3:06  Starport  
  28  3:12  SCV  
  29  3:21  Marine  
  29  3:24  SCV x2  
  31  3:31  Factory Tech Lab  
  30  3:35  Marine  
  30  3:36  SCV  
  30  3:40  SCV  
  33  3:46  Marine  
  33  3:48  SCV  
  35  3:52  SCV  
  36  3:57  Supply Depot  
  36  3:59  Factory Tech Lab, Cloaking Field, Banshee  
  36  4:00  SCV  
  40  4:04  SCV  
  40  4:07  Marine  
  40  4:08  Marine  
  43  4:13  SCV  
  44  4:17  SCV  
  44  4:20  Supply Depot  
  44  4:22  Siege Tank  
  48  4:24  Marine  
  48  4:25  SCV  
  48  4:28  Marine  
  48  4:30  SCV  
  52  4:35  Barracks  
  52  4:37  SCV, Barracks  
  53  4:42  SCV, Supply Depot  
  54  4:46  Refinery, Engineering Bay  
  54  4:48  Banshee  
  54  4:50  SCV  
  58  4:55  SCV  
  59  5:03  SCV, Marine  
  59  5:04  Siege Tank, Marine  
  59  5:06  Supply Depot  
  65  5:07  SCV  
  65  5:13  Refinery  
  66  5:15  SCV  
  66  5:19  SCV  
  66  5:20  Marine  
  69  5:22  Marine  
  69  5:26  Barracks Tech Lab  
  69  5:27  SCV  
  68  5:29  Terran Infantry Weapons Level 1  
  68  5:30  Supply Depot  
  68  5:31  SCV  
  68  5:35  Supply Depot  
  69  5:38  Marine  
  69  5:39  Siege Tank  
  69  5:40  SCV  
  74  5:43  Marine  
  74  5:47  Marine, Stimpack  
  74  5:48  Marine  
  78  5:51  Supply Depot  
  78  5:54  Supply Depot  
  78  5:56  Marine  
  75  6:00  Starport Reactor  
  75  6:01  Marine  
  75  6:03  Supply Depot  
  77  6:06  Marauder x2  
  77  6:11  Combat Shield  
  80  6:17  Siege Tank  
  83  6:24  SCV  
  83  6:25  SCV  
  81  6:27  Marauder x2  
  82  6:40  Medivac  
  82  6:45  Marine x2  
  86  6:47  Medivac  
  86  6:48  Marauder, Command Center  
  86  6:49  Marauder  
  93  6:59  Supply Depot  
  93  7:00  Supply Depot  
  92  7:01  Siege Tank  
  92  7:02  Marine  
  92  7:03  Marine  
  97  7:10  Marauder x2  
  101  7:18  Viking  
  101  7:22  Marine x2  
  102  7:26  Supply Depot  
  102  7:28  Barracks x2  
  103  7:30  Missile Turret  
  103  7:31  Marauder  
  103  7:32  Concussive Shells, Marauder  
  107  7:44  Marine  
  107  7:46  Marine  
  104  7:53  Marauder x2  
  104  7:57  SCV  
  104  8:02  Marine  
  104  8:04  Marine  
  105  8:08  SCV  
  109  8:12  Siege Tank  
  109  8:14  SCV, Marauder x2  
  109  8:15  Marine  
  116  8:21  Orbital Command  
  116  8:24  SCV  
  116  8:26  SCV  
  114  8:35  Marauder  
  114  8:37  SCV  
  114  8:38  SCV  
  114  8:40  Marine, Ghost Academy  
  119  8:41  Marine  
  119  8:47  Marauder  
  108  8:49  SCV  
  108  8:50  SCV  
  108  8:54  SCV  
  99  8:57  Marauder  
  99  8:58  Marine  
  83  9:03  SCV  
  83  9:04  Marine  
  83  9:06  Marine  
  83  9:07  SCV x2  
  83  9:08  Marauder  
  88  9:14  Barracks Tech Lab  
  88  9:15  SCV  
  88  9:16  Medivac  
  91  9:18  Marauder  
  91  9:19  SCV  
  91  9:20  Medivac  
  91  9:21  SCV  
  91  9:23  Marine  
  101  9:27  Barracks Reactor  
  101  9:28  SCV  
  101  9:30  Marauder  
  101  9:33  Marauder  
  101  9:34  SCV, Factory Reactor  
  101  9:38  Bunker  
Tags
 
Add a new tag
Caveats
  • Supply blocks, unpowered buildings, or Contaminate may cause inaccurate times.
  • Supply counts are checked every 10 seconds.